 Dungeon Crawl Stone Soup version 0.16-a0-4002-g2d13b8e (webtiles) character file.

342 Fv001 the Shield-Bearer (level 6, -4/39 HPs)
             Began as a Gargoyle Fighter on Feb 14, 2015.
             Was an Initiate of Nemelex Xobeh.
             Slain by a raven (5 damage)
             ... summoned by the player character
             ... on level 4 of the Dungeon.
             The game lasted 00:15:17 (2505 turns).

Fv001 the Shield-Bearer (Gargoyle Fighter)          Turns: 2505, Time: 00:15:19

Health: -4/39      AC: 15    Str: 21    XL:     6   Next: 57%
Magic:  10/10      EV:  9    Int:  9    God:    Nemelex Xobeh [......]
Gold:   122        SH: 15    Dex: 14    Spells: 0 memorised, 9 levels left

rFire  . . .     SeeInvis .     a - +0 flail
rCold  . . .     Clarity  .     v - +0 chain mail
rNeg   + . .     SustAb   .     p - +0 large shield
rPois  ∞         Gourm    .     (no helmet)
rElec  +         Spirit   .     u - +0 cloak
rCorr  .         Warding  .     (no gloves)
rMut   .         Stasis   .     (no boots)
MR     .....                    (no amulet)
Stlth  ..........               (no ring)
                                k - +3 ring of slaying

@: agile, not resistant to hostile enchantments, extremely unstealthy
A: negative energy resistance 1, electricity resistance, unbreathing,
petrification resistance, rot immunity, AC +4
a: Renounce Religion


You were on level 4 of the Dungeon.
You worshipped Nemelex Xobeh.
Nemelex Xobeh was noncommittal.
You were not hungry.

You visited 1 branch of the dungeon, and saw 4 of its levels.

You collected 122 gold pieces.

Inventory:

Hand weapons
 a - a +0 flail (weapon)
Armour
 p - a +0 large shield (worn)
 u - a +0 cloak (worn)
 v - a +0 chain mail (worn)
Jewellery
 k - a +3 ring of slaying (left hand)
 z - an uncursed ring of protection from cold {unknown}
Scrolls
 b - a scroll of immolation {unknown}
 f - 2 scrolls of fear
 g - a scroll of recharging
 i - a scroll of blinking {unknown}
 l - 2 scrolls of magic mapping
 o - 2 scrolls of remove curse {unknown}
 r - a scroll of fog {unknown}
 w - a scroll of teleportation
 y - a scroll of enchant armour {unknown}
Potions
 e - a potion of might
 h - 3 potions of agility
 j - a potion of haste
 m - a potion of degeneration {unknown}
 t - a potion of cure mutation
 x - a potion of berserk rage {unknown}
Miscellaneous
 c - a plain deck of war {drawn: 10}
 A - a plain deck of war {drawn: 1}
Comestibles
 d - 2 bread rations
 n - a meat ration
 q - 9 fruits
 s - 7 chunks of flesh


   Skills:
 + Level 4.3 Fighting
 + Level 3.3 Maces & Flails
 + Level 4.2 Armour
 + Level 1.2 Dodging
 + Level 4.7 Shields
 * Level 2.0 Spellcasting
 + Level 0.6 Evocations


You had 9 spell levels left.
You didn't know any spells.

Dungeon Overview and Level Annotations

Branches:
Dungeon (4/15)
 Temple: D:4-7

Altars:
Nemelex Xobeh
Trog

Annotations:
D:4 Grinder


Innate Abilities, Weirdness & Mutations

You are resistant to torment.
You are immune to poison.
Your stone body is very resilient (AC +4).
You resist negative energy.
You are resistant to electric shocks.
You can survive without breathing.
You are immune to petrification.
You are immune to rotting.


Message History

Grinder blinks!
The raven closely misses your raven. The raven claws your raven!
Your raven pecks the raven!
Your raven closely misses the raven.
Grinder hits your raven!
Your raven writhes in agony.
The raven pecks you. The raven misses you. The raven pecks your raven!
Your raven dies!
Your raven's corpse disappears in a puff of smoke!
You closely miss the raven. You block the raven's attack.
The raven closely misses you. The raven misses you.
You block the raven's attack. The raven pecks you.
The raven claws you but does no damage. The raven pecks you.
You block the raven's attack. The raven pecks you.
* * * LOW HITPOINT WARNING * * *
The raven claws you but does no damage. The raven pecks you.
* * * LOW HITPOINT WARNING * * *
The raven claws you but does no damage. The raven pecks you.
* * * LOW HITPOINT WARNING * * *
You block the raven's attack. The raven pecks you.
You die...
Your body disappears without a glow.

##≈≈...##...≈≈##
##≈≈....##....§≈##
##≈≈.....##.....≈≈##
#≈≈......##......§§#
#§......####.....§§#
##§§....## ##.....≈#
.'..##### #####..+
.'..##### #####..+
.#≈)....# #..@b§≈#
##≈......# #..5bb§≈#
#§≈......##......≈§#
###≈≈.....##.....≈≈##
..##≈≈....##....≈§##
.#.##≈≈... #...≈§##
...###≈≈. ...≈≈##
#.##.##≈ ≈§≈# ...#u#


You could see Grinder and 3 ravens.

Vanquished Creatures
  An ogre (D:3)
  2 orc priests (D:3)
  An orc wizard (D:3)
  6 gnolls
  4 adders
  A worm (D:2)
  2 giant geckos
  3 oozes
  4 orcs
  4 giant cockroaches
  10 hobgoblins
  4 jackals (D:2)
  2 kobolds
  A ball python (D:1)
  11 bats
  3 giant newts
  8 goblins
  A quokka skeleton (D:4)
  3 rats
71 creatures vanquished.

Vanquished Creatures (collateral kills)
  2 adders (D:3)
  A bat (D:4)
  A hobgoblin (D:4)
4 creatures vanquished.

Vanquished Creatures (others)
  A raven (D:4)
1 creature vanquished.

Grand Total: 76 creatures vanquished

Notes
Turn   | Place    | Note
--------------------------------------------------------------
     0 | D:1      | Fv001, the Gargoyle Fighter, began the quest for the Orb.
     0 | D:1      | Reached XP level 1. HP: 14/14 MP: 1/1
   169 | D:1      | Reached XP level 2. HP: 13/19 MP: 2/2
   531 | D:1      | Reached XP level 3. HP: 24/24 MP: 3/3
   865 | D:2      | Reached skill level 4 in Fighting
  1255 | D:2      | Reached XP level 4. HP: 29/29 MP: 4/4
  1400 | D:2      | Reached skill level 1 in Dodging
  1461 | D:2      | Found a bloodstained altar of Trog.
  1676 | D:3      | Reached skill level 1 in Spellcasting
  1691 | D:3      | Reached XP level 5. HP: 33/33 MP: 7/7
  1929 | D:3      | Found a sparkling altar of Nemelex Xobeh.
  1933 | D:3      | Became a worshipper of Nemelex Xobeh the Trickster
  1951 | D:3      | Received a gift from Nemelex Xobeh
  2276 | D:3      | Reached XP level 6. HP: 38/38 MP: 9/9
  2300 | D:3      | Received a gift from Nemelex Xobeh
  2500 | D:4      | Noticed Grinder
  2503 | D:4      | Noticed a raven
  2503 | D:4      | Noticed a raven
  2503 | D:4      | Noticed a raven
  2505 | D:4      | HP: 1/39 [raven[the player character] (3)]
  2505 | D:4      | Slain by a raven

Action                   |  1- 3 |  4- 6 || total
-------------------------+-------+-------++-------
Melee: Flail             |   110 |   121 ||   231
Evoke: Deck              |       |    11 ||    11
  Use: Scroll            |     6 |       ||     6
       Potion            |       |     3 ||     3
  Eat: Chunk             |     1 |     6 ||     7
